 Dungeon Crawl Stone Soup version 0.25.0-26-g0c896c7088 (webtiles) character file.

Game seed: 18357401726366854049

760 Peloso the Slasher (level 7, -11/60 HPs)
             Began as a Minotaur Fighter on July 5, 2020.
             Was a Believer of Okawaru.
             Mangled by a two-headed ogre
             ... wielding a +0 giant club
              (19 damage)
             ... on level 5 of the Dungeon.
             The game lasted 00:07:31 (3817 turns).

Peloso the Slasher (Minotaur Fighter)               Turns: 3817, Time: 00:07:31

Health: -11/60     AC: 11    Str: 23    XL:     7   Next: 50%
Magic:  5/6        EV:  7    Int:  5    God:    Okawaru [**....]
Gold:   105        SH: 10    Dex: 12    Spells: 6/6 levels left

rFire    x . .     SeeInvis .   b - +7 hand axe "Killer Klown's Doom" {vamp, rPois rF- MR+ Dex+3}
rCold    . . .     Gourm    .   c - +0 kite shield
rNeg     . . .     Faith    .   g - +0 chain mail
rPois    +         Spirit   .   (helmet restricted)
rElec    .         Reflect  .   (no cloak)
rCorr    .         Harm     .   e - +0 pair of gloves (curse)
MR       +....                  (no boots)
Stlth    ..........             n - amulet of regeneration
HPRegen  0.60/turn              (no ring)
MPRegen  0.10/turn              (no ring)

@: no status effects
A: retaliatory headbutt, horns 2
a: Heroism, Renounce Religion


You were on level 5 of the Dungeon.
You worshipped Okawaru.
Okawaru was pleased with you.
You were very hungry.

You visited 1 branch of the dungeon, and saw 5 of its levels.

You collected 309 gold pieces.
You spent 204 gold pieces at shops.

Inventory:

Hand Weapons
 a - a +0 long sword
 b - the +7 hand axe "Killer Klown's Doom" (weapon) {vamp, rPois rF- MR+ Dex+3}
   (You found it on level 4 of the Dungeon)

   It inflicts no extra harm, but heals its wielder when it wounds a living foe.
   It affects your dexterity (+3).
   It makes you vulnerable to fire.
   It protects you from poison.
   It affects your resistance to hostile enchantments.
Armour
 c - a +0 kite shield (worn)
 e - a cursed +0 pair of gloves (worn)
 g - a +0 chain mail (worn)
Jewellery
 n - an amulet of regeneration (around neck)
 p - an uncursed amulet of guardian spirit {unknown}
 s - an uncursed amulet of the acrobat {unknown}
Wands
 v - a wand of acid (1)
 x - a wand of flame (29)
Scrolls
 h - 3 scrolls of teleportation {unknown}
 j - 3 scrolls of identify
 l - 5 scrolls of remove curse
 w - a scroll of fear {unknown}
Potions
 d - a potion of might
 i - a potion of invisibility
 k - a potion of haste
 m - 2 potions of cancellation {unknown}
 o - a potion of lignification {unknown}
 q - a potion of brilliance
 r - 2 potions of curing
 t - a potion of degeneration
 u - a potion of mutation
Comestibles
 f - 8 rations


   Skills:
 + Level 4.9 Fighting
 + Level 6.1 Long Blades
 + Level 2.0 Axes
 + Level 5.6 Armour
 + Level 2.1 Dodging
 + Level 1.1 Stealth
 + Level 5.8 Shields


You had 6 spell levels left.
You didn't know any spells.
Your spell library was empty.

Dungeon Overview and Level Annotations

Branches:
Dungeon (5/15)             Temple (0/1) D:4

Altars:
Dithmenos
Gozag
Hepliaklqana
Okawaru
Yredelemnul

Shops:
D:5 [!((


Innate Abilities, Weirdness & Mutations

You reflexively headbutt those who attack you in melee.
You have a pair of horns on your head.


Message History

You hit the two-headed ogre.
The two-headed ogre is heavily wounded.
You slash the two-headed ogre!
The two-headed ogre is severely wounded.
The two-headed ogre closely misses you. You furiously retaliate!
You headbutt the two-headed ogre. The two-headed ogre barely misses you.
Your chain mail prevents you from hitting the two-headed ogre.
Your headbutt misses the two-headed ogre.
The two-headed ogre is almost dead.
You feel like a meek peon again. The two-headed ogre barely misses you.
You furiously retaliate!
You headbutt the two-headed ogre, but do no damage.
The two-headed ogre hits you with a +0 giant spiked club!
* * * LOW HITPOINT WARNING * * *
You hit the two-headed ogre.
Your headbutt misses the two-headed ogre.
The two-headed ogre is almost dead.
You block the two-headed ogre's attack.
The two-headed ogre hits you with a +0 giant spiked club!!
You die...

##.....#####[##..#..#
#.......#.#
##(....#####.###....#
#########.#
##.##........# ####.#
##.# ......######## #.#
#... ##)#### ### #.#
#... ...# .... #.####
#... .#.### .....
#...)#######... .#...#
......######...##.......
######
......O@...#.#..........
......##.#......)...><..
..... #.......#.####...
.... #.......#.# #...
.## ##......#.# #...
#....#.#.# #...
..........# ##.#
##......### #.#
>..##.#.. #.#


You could see a two-headed ogre.

Vanquished Creatures
  Sigmund (D:2)
  An ogre (D:5)
  An ice beast (D:5)
  A centaur (D:5)
  A scorpion (D:5)
  A howler monkey (D:4)
  2 hounds
  Ijyb (D:5)
  An orc wizard (D:4)
  6 adders
  A worm (D:2)
  3 dart slugs (D:1)
  6 leopard geckos
  8 orcs
  A ball python (D:2)
  5 giant cockroaches
  14 goblins
  2 hobgoblins
  4 jackals
  6 kobolds
  A quokka (D:2)
  5 bats
  2 frilled lizards
  2 gnoll zombies (D:5)
  A jackal skeleton (D:5)
  7 rats
84 creatures vanquished.

Notes
Turn   | Place    | Note
-------+----------+-------------------------------------------
     0 | D:1      | Peloso the Minotaur Fighter began the quest for the Orb.
     0 | D:1      | Reached XP level 1. HP: 19/19 MP: 0/0
    63 | D:1      | Reached XP level 2. HP: 27/27 MP: 1/1
   430 | D:1      | Reached XP level 3. HP: 33/33 MP: 2/2
   670 | D:1      | Reached skill level 3 in Long Blades
   923 | D:2      | Found an iron altar of Okawaru.
   934 | D:2      | Became a worshipper of Warmaster Okawaru
   985 | D:2      | Reached XP level 4. HP: 40/40 MP: 3/3
  1196 | D:2      | Noticed Sigmund
  1201 | D:2      | Killed Sigmund
  1201 | D:2      | Reached skill level 4 in Long Blades
  1201 | D:2      | Reached skill level 1 in Dodging
  1201 | D:2      | Reached XP level 5. HP: 29/47 MP: 4/4
  1390 | D:2      | Reached skill level 5 in Shields
  1516 | D:2      | Reached skill level 5 in Long Blades
  1788 | D:3      | Found a faded altar of an unknown god.
  1940 | D:3      | Reached XP level 6. HP: 53/53 MP: 5/5
  2295 | D:4      | Found a hazy altar of Hepliaklqana.
  2421 | D:4      | Found a shadowy altar of Dithmenos.
  2432 | D:4      | Found a staircase to the Ecumenical Temple.
  2886 | D:4      | Got a twisted hand axe
  2894 | D:4      | Identified the +7 hand axe "Killer Klown's Doom" {vamp,
                  | rPois rF- MR+ Dex+3} (You found it on level 4 of the
                  | Dungeon)
  2971 | D:4      | Reached * piety under Okawaru
  2971 | D:4      | Reached skill level 5 in Armour
  3185 | D:5      | Entered Level 5 of the Dungeon
  3223 | D:5      | Found Qel Qirch's Weapon Emporium.
  3224 | D:5      | Found Qilaze's Distillery.
  3263 | D:5      | Reached skill level 6 in Long Blades
  3263 | D:5      | Reached XP level 7. HP: 55/60 MP: 6/6
  3278 | D:5      | Bought a potion of degeneration for 12 gold pieces
  3278 | D:5      | Bought a potion of mutation for 96 gold pieces
  3278 | D:5      | Bought a potion of curing for 36 gold pieces
  3278 | D:5      | Bought a potion of heal wounds for 60 gold pieces
  3302 | D:5      | Found an opulent altar of Gozag.
  3327 | D:5      | Found Epsyc's Weapon Boutique.
  3403 | D:5      | Reached skill level 1 in Axes
  3536 | D:5      | Found a basalt altar of Yredelemnul.
  3592 | D:5      | Found Cimaaj's Antique Armour Shop.
  3646 | D:5      | Noticed Ijyb
  3661 | D:5      | Killed Ijyb
  3661 | D:5      | Reached skill level 1 in Stealth
  3753 | D:5      | Reached ** piety under Okawaru
  3804 | D:5      | Noticed a two-headed ogre
  3817 | D:5      | Mangled by a two-headed ogre

Illustrated notes

Levels and vault maps discovered:
D:1:      dpeg_arrival_rhombus, layout_loops_ring
D:2:      layout_basic, nicolae_overflow_crystal_walls, dk_noncrumbling_3,
          kennysheep_nub, kennysheep_generic_room_5, uniq_sigmund
D:3:      layout_loops_cross, chequers_ecumenical_altar_twisty
D:4:      layout_layer_cave, grunt_dithmenos_smoke_and_mirrors,
          nicolae_overflow_hidden_temple, minmay_temple_entry_large_hall,
          lemuel_old_faithful
D:5:      layout_loops_cross, minitemple, kennysheep_little_box,
          lemuel_zombie_altar_yredelemnul, basic_altar, serial_shops, shop,
          nicolae_shop_waterfront, nicolae_shop_stone, shop, nicolae_shop_stone,
          first_ration, minivault_11, uniq_ijyb

Skill      XL: |  1  2  3  4  5  6  7 |
---------------+----------------------+-----
Shields        | 4 5 |  5.8
Armour         | 4 5 |  5.6
Fighting       | 4 |  4.9
Long Blades    | 3 4 5 6 |  6.1
Dodging        | 1 2 |  2.1
Axes           | 2 |  2.0
Stealth        | 1 |  1.1

Action                   |  1- 3 |  4- 6 |  7- 9 || total
-------------------------+-------+-------+-------++-------
Melee: Long sword        |    77 |    77 |       ||   154
       Headbutt          |    10 |    12 |    11 ||    33
       Hand axe          |       |    20 |    32 ||    52
Invok: Heroism           |       |       |     2 ||     2
  Use: Potion            |     1 |     3 |     1 ||     5
       Scroll            |       |     3 |       ||     3
  Eat: Chunk             |       |     7 |     1 ||     8
Armor: Scale mail        |    45 |    51 |     7 ||   103
Dodge: Dodged            |    25 |    31 |    14 ||    70
Block: Kite shield       |    38 |    52 |     9 ||    99
       Rpst.: Long sword |     4 |     6 |       ||    10
